 Dungeon Crawl Stone Soup version 0.18.1-48-g4cf74bf (webtiles) character file.

356 dvd the Cudgeler (level 6, 0/37 HPs)
             Began as a Gargoyle Gladiator on Aug 13, 2016.
             Killed from afar by Blork the orc (12 damage)
             ... with a puff of flame
             ... on level 5 of the Dungeon.
             The game lasted 00:10:59 (4112 turns).

dvd the Cudgeler (Gargoyle Gladiator)               Turns: 4112, Time: 00:10:59

Health: 0/37       AC:  9    Str: 19    XL:     6   Next: 63%
Magic:  6/6        EV: 10    Int: 10    God:
Gold:   222        SH:  9    Dex: 12    Spells: 0 memorised, 5 levels left

rFire  . . .     SeeInvis .     a - +1 flail
rCold  . . .     Gourm    .     u - +1 leather armour {MR+}
rNeg   + . .     Faith    .     k - +1 shield
rPois  ∞         Spirit   .     c - +0 helmet
rElec  +         Dismiss  .     (no cloak)
rCorr  .         Reflect  .     (no gloves)
SustAt .         Harm     .     (no boots)
MR     ++...                    (no amulet)
Stlth  ..........               (no ring)
                                y - ring of loudness (curse)

@: very resistant to hostile enchantments, extremely unstealthy
A: blink, clever 1, magic resistance 1, negative energy resistance 1, screaming
1, electricity resistance, unbreathing, petrification resistance, rot immunity,
AC +4
a: Blink


You were on level 5 of the Dungeon.
You were not hungry.

You visited 1 branch of the dungeon, and saw 5 of its levels.

You collected 222 gold pieces.

Inventory:

Hand Weapons
 a - a +1 flail (weapon)
 l - a +0 dagger of electrocution
 s - a +1 spear of flaming
Missiles
 d - 3 throwing nets (quivered)
 w - 9 javelins
 D - 4 tomahawks
Armour
 b - a +0 scale mail
 c - a +0 helmet (worn)
 k - a +1 shield (worn)
 o - a +0 chain mail
 u - a +1 leather armour of magic resistance (worn)
 B - the +3 leather armour "Fuducviqa" {rCorr Str-4 Int+8 Dex-2}
   (You found it on level 4 of the Dungeon)

   It affects your strength (-4).
   It affects your intelligence (+8).
   It affects your dexterity (-2).
   It protects you from acid and corrosion.
Jewellery
 y - a cursed ring of loudness (left hand)
Scrolls
 e - a scroll of recharging
 i - 4 scrolls of identify
 m - 3 scrolls of enchant armour
 q - 2 scrolls of enchant weapon
 z - a scroll of teleportation
Potions
 h - a potion of agility {unknown}
 j - a potion of curing {unknown}
 n - 3 potions of degeneration {unknown}
 p - a potion of magic {unknown}
 t - a potion of flight {unknown}
 v - a potion of heal wounds {unknown}
 x - a potion of might
 A - a potion of cure mutation {unknown}
Comestibles
 f - 3 bread rations
 g - 2 beef jerkies
 r - 4 meat rations
 C - 3 chunks of flesh


   Skills:
 + Level 3.1 Fighting
 + Level 4.2 Maces & Flails
 + Level 1.8 Throwing
 + Level 2.2 Armour
 + Level 4.2 Dodging
 + Level 0.5 Stealth
 + Level 2.1 Shields


You had 5 spell levels left.
You didn't know any spells.

Dungeon Overview and Level Annotations

Branches:
Dungeon (5/15)
 Temple: D:4-7

Altars:
Elyvilon
Gozag
Xom
Yredelemnul
Zin
The Shining One

Annotations:
D:5 Blork the orc


Innate Abilities, Weirdness & Mutations

You are resistant to torment.
Your stone body is resilient (AC +4).
You are immune to poison.
You resist negative energy.
You are resistant to electric shocks.
You can survive without breathing.
You are immune to petrification.
You are immune to rotting.
You can translocate small distances at will.
Your mind is acute. (Int +2)
You are resistant to hostile enchantments.
You occasionally shout uncontrollably at your foes.


Message History

Some of the chunks of flesh in your inventory have rotted away.
Blork the orc comes into view.
He is wielding a battleaxe of freezing.
Blork the orc shouts!
Blork the orc gestures wildly while chanting.
Blork the orc flickers and vanishes!
Deactivating autopickup; reactivate with Ctrl-A.
Unknown command.
Something completely misses you.
You hit something. You block something's attack.
You closely miss something.
You hear some strange, mumbled words.
You sock something!
Something hits you but does no damage. x2
You closely miss something. Something hits you! Something freezes you.
You barely miss something. Something hits you. Something freezes you.
Something hits you. Something freezes you.
You closely miss something.
You hear some strange, mumbled words.
A puff of flame appears from out of thin air!
The puff of flame hits you!
You die...

{. . .#.# # #.#. .. ...
.## ##### ..#....
##...## .....##
#.###.#####......# #.#
#...@{........
#.###.########.###
##...## ##.## #.####
##+## #....# ##...## ###
####.# ##.....## #..
##.#.# ##.......## #..
##....###.........####..


There were no monsters in sight!

Vanquished Creatures
  A sky beast (D:5)
  An iguana (D:4)
  A howler monkey skeleton (D:4)
  5 gnolls
  6 adders
  6 oozes
  4 worms
  2 dart slugs
  4 giant geckos
  9 orcs
  4 bats
  8 goblins
  4 hobgoblins (D:1)
  6 jackals
  10 kobolds
  A ball python (D:3)
  3 giant newts
  7 rats
82 creatures vanquished.

Vanquished Creatures (others)
  An orc (D:3)
1 creature vanquished.

Grand Total: 83 creatures vanquished

Notes
Turn   | Place    | Note
--------------------------------------------------------------
     0 | D:1      | dvd the Gargoyle Gladiator began the quest for the Orb.
     0 | D:1      | Reached XP level 1. HP: 12/12 MP: 1/1
    96 | D:1      | Reached XP level 2. HP: 17/17 MP: 2/2
   253 | D:1      | Reached XP level 3. HP: 9/22 MP: 3/3
  1083 | D:2      | Reached XP level 4. HP: 9/27 MP: 4/4
  1090 | D:2      | Found a glowing silver altar of Zin.
  1649 | D:2      | Reached skill level 1 in Armour
  1649 | D:2      | Reached XP level 5. HP: 8/31 MP: 5/5
  1946 | D:2      | Found an opulent altar of Gozag.
  1948 | D:2      | Found a glowing golden altar of the Shining One.
  1948 | D:2      | Found a basalt altar of Yredelemnul.
  1950 | D:2      | Found a shimmering altar of Xom.
  2008 | D:2      | Reached skill level 1 in Shields
  2458 | D:3      | Found a white marble altar of Elyvilon.
  3304 | D:4      | Noticed an ogre
  3787 | D:4      | Got an encrusted leather armour
  3798 | D:4      | Identified the +3 leather armour "Fuducviqa" {rCorr Str-4 Int+8 Dex-2} (You found it on level 4 of the Dungeon)
  3842 | D:4      | Reached XP level 6. HP: 25/37 MP: 6/6
  3985 | D:5      | Entered Level 5 of the Dungeon
  4007 | D:5      | Noticed a sky beast
  4023 | D:5      | Killed a sky beast
  4030 | D:5      | Gained mutation: Your mind is acute. (Int +2) [mutagenic meat]
  4031 | D:5      | Gained mutation: You are resistant to hostile enchantments. [mutagenic meat]
  4032 | D:5      | Gained mutation: You occasionally shout uncontrollably at your foes. [mutagenic meat]
  4033 | D:5      | Gained mutation: You can translocate small distances at will. [mutagenic meat]
  4096 | D:5      | Noticed Blork the orc
  4112 | D:5      | Killed from afar by Blork the orc

Skill      XL: |  1  2  3  4  5  6 |
---------------+-------------------+-----
Dodging        | 3 4 |  4.2
Armour         | 1 2 |  2.2
Shields        | 1 2 |  2.1
Fighting       | 3 |  3.1
Maces & Flails | 4 |  4.2
Throwing       | |  1.8
Stealth        | |  0.5

Action                   |  1- 3 |  4- 6 || total
-------------------------+-------+-------++-------
Melee: Flail             |   123 |   233 ||   356
  Use: Scroll            |       |     8 ||     8
 Stab: Sleeping          |       |     1 ||     1
  Eat: Chunk             |     1 |    14 ||    15
Armor: Leather armour    |    67 |    83 ||   150
Dodge: Dodged            |    98 |    92 ||   190
Block: Shield            |    31 |    96 ||   127
